 Dungeon Crawl Stone Soup version 0.31-a0-859-g9dce7d3444 (webtiles) character file.

Game seed: 4270653413172928773

20345 Newt the Basher (level 12, -8/73 HPs)
             Began as a Gargoyle Fighter on Oct 9, 2023.
             Was the Champion of Okawaru.
             Mangled by a cyclops (21 damage)
             ... on level 12 of the Dungeon.
             The game lasted 00:13:34 (14390 turns).

Newt the Basher (Gargoyle Fighter)                 Turns: 14390, Time: 00:13:35

Health: -8/73      AC: 20    Str: 24    XL:     12   Next: 78%
Magic:  18/18      EV: 10    Int: 10    God:    Okawaru [******]
Gold:   967        SH:  6    Dex: 19    Spells: 11/11 levels left

rFire   x . .        a - +6 demon whip of Reinforcement {venom, Dex+4}
rCold   + . .        c - +1 buckler
rNeg    + . .        m - +4 ring mail "Suseklaa" {rF- Will++ Dex+3}
rPois   ∞            (no helmet)
rElec   +            D - scarf of Reason {shadows, Dex+3}
rCorr   .            (no gloves)
SInv    .            (no boots)
Will    ++...        i - amulet of faith
Stlth   +            I - ring of protection from cold
HPRegen 0.32/turn    (no ring)
MPRegen 0.16/turn

%: faith
@: no status effects
A: sickness immunity, AC +8, negative energy resistance 1, electricity
resistance, torment resistance 1, petrification resistance
a: Renounce Religion, Heroism, Finesse, Duel, Receive Armour


You were on level 12 of the Dungeon.
You worshipped Okawaru.
Okawaru was exalted by your worship.
You visited 1 branch of the dungeon, and saw 12 of its levels.
You also visited: Sewer.

You collected 967 gold pieces.

Inventory:

Hand Weapons
 a - the +6 demon whip of Reinforcement (weapon) {venom, Dex+4}
   (Okawaru gifted it to you on level 10 of the Dungeon)

   Dex+4:     It affects your dexterity (+4).
 b - a +1 flail of holy wrath
 H - a +4 flail of freezing
 J - a +0 flail
Missiles
 q - 2 throwing nets
 v - 37 poisoned darts
 z - 4 boomerangs
Armour
 c - a +1 buckler (worn)
 l - a scarf of shadows
 m - the +4 ring mail "Suseklaa" (worn) {rF- Will++ Dex+3}
   (You took it off a goblin on level 2 of the Dungeon)

   Dex+3:     It affects your dexterity (+3).
   rF-:       It makes you vulnerable to fire.
   Will++:    It greatly increases your willpower.
 s - a +0 scale mail
 A - a +0 cloak
 B - a +1 leather armour of fire resistance
 D - the scarf of Reason (worn) {shadows, Dex+3}
   (You found it on level 8 of the Dungeon)

   Dex+3:     It affects your dexterity (+3).
Jewellery
 i - an amulet of faith (around neck)
 I - a ring of protection from cold (left hand)
Wands
 w - a wand of flame (48)
 F - a wand of iceblast (13)
 M - a wand of digging (4)
Scrolls
 e - 4 scrolls of enchant armour
 g - a scroll of teleportation
 n - 5 scrolls of fear
 t - 2 scrolls of amnesia
 u - 3 scrolls of immolation
 x - a scroll of blinking
 y - 2 scrolls of fog
 C - a scroll of brand weapon
 E - 3 scrolls of identify
 G - a scroll of vulnerability
 N - a scroll of torment
 O - a scroll of silence
Potions
 d - 3 potions of attraction
 h - a potion of curing
 j - 2 potions of degeneration
 k - a potion of invisibility
 o - a potion of resistance
 p - 4 potions of lignification
 r - 3 potions of enlightenment
 K - 2 potions of cancellation
Miscellaneous
 L - a phial of floods


   Skills:
 - Level 8.0 Fighting
 - Level 12.0 Maces & Flails
 + Level 10.1 Armour
 - Level 3.2 Shields
 - Level 9.0 Invocations
 - Level 10.0 Evocations


You had 11 spell levels left.
You didn't know any spells.
Your spell library contained the following spells:

 Spells                   Type           Power      Damage    Failure   Level
 Apportation              Tloc           0%         N/A       54%         1
 Kiss of Death            Conj/Necr      0%         2d5       54%         1
 Necrotise                Necr           0%         1d4       54%         1
 Slow                     Hex            0%         N/A       54%         1
 Jinxbite                 Hex            0%         N/A       69%         2
 Confusing Touch          Hex            0%         N/A       89%         3
 Dazzling Flash           Conj/Hex       0%         N/A       89%         3
 Sigil of Binding         Hex            0%         N/A       89%         3
 Vampiric Draining        Necr           0%         2d6       89%         3
 Volatile Blastmotes      Fire/Tloc      0%         2d10      89%         3
 Dispel Undead            Necr           0%         3d6       100%        4
 Alistair's Intoxication  Tmut/Pois      0%         N/A       100%        5
 Starburst                Conj/Fire      0%         6d3       100%        6
 Maxwell's Capacitive Co  Air            0%         ∞         100%        8
 Summon Small Mammal      Summ           Unusable   N/A       N/A         1

Dungeon Overview and Level Annotations

Branches:
Dungeon (12/15)            Temple (0/1) D:5            Lair (0/5) D:9
    Orc (0/2) D:9           Sewer (visited)

Altars:
Dithmenos
Elyvilon
Fedhas
Gozag
Hepliaklqana
Kikubaaqudgha
Makhleb
Nemelex Xobeh
Okawaru
Qazlal
Ru
Sif Muna
Uskayaw
Vehumet
Yredelemnul
The Shining One

Shops:
D:6 (   D:8 (   D:9 *

Portals:
Trove: D:11 (give horn of Geryon)

Annotations:
D:4 3 runed translucent doors, Dazliare's ghost, amateur HuSh; lotum's ghost, amateur OgBe


Innate Abilities, Weirdness & Mutations

You are immune to sickness and miasma.
Your stone body is resilient. (AC +8)
You are immune to poison.
You resist negative energy. (rN+)
You are resistant to electric shocks. (rElec)
You are resistant to unholy torment.
You are immune to petrification.


Message History

You are too injured to fight recklessly!
You are too injured to fight recklessly!
You are too injured to fight recklessly!
You are too injured to fight recklessly!
You are too injured to fight recklessly!
You are too injured to fight recklessly!
You are too injured to fight recklessly!
Unknown command.
The komodo dragon attacks as it pursues you!
The komodo dragon closely misses you.
You whack the komodo dragon!
The komodo dragon is heavily wounded.
The komodo dragon bites you but does no damage.
You hit the komodo dragon but do no damage.
The komodo dragon is severely wounded.
You whack the komodo dragon!
The komodo dragon looks as sick as possible!
The komodo dragon is almost dead.
You block the komodo dragon's attack.
You hit the komodo dragon.
The komodo dragon looks as sick as possible!
The komodo dragon is almost dead.
You kill the komodo dragon!
Okawaru accepts your kill.
Your Armour skill increases to level 10!
You whack the wraith!
The wraith is moderately damaged.
You whack the wraith!
The wraith is severely damaged.
The wraith hits you but does no damage.
You barely miss the wraith.
The wraith is severely damaged.
You hit the wraith.
The wraith is severely damaged.
You block the wraith's attack.
You whack the wraith!
You destroy the wraith!
Okawaru accepts your kill. The cyclops hits you!!
You die...

....# ... ###.######.# #.
.# #........#####.. .#
#####........... .##### #
##..######..# ......
######..## #..# ....?.
...##..#########.##......
##....## #....##C........
.<...## #....##@##......
##)#..####....##.# ......
#..##...##....##.# ..C...
..###...##....##)# ......
### ##..##....##.# ###[##
# ##.##....##.# .#
#.###.####[# #####.....##
#.# ##.....##...# #.#


You could see a cyclops.

Vanquished Creatures
  A catoblepas (D:10)
  A centaur warrior (D:12)
  A boulder beetle (D:11)
  5 two-headed ogres
  The ghost of JayJaygamer2134567 the Blocker, a novice FoFi of Dithmenos (D:6)
  A deep elf pyromancer (D:12)
  Pikel (D:9)
  An ugly thing (D:7)
  A manticore (D:10)
  4 gargoyles (D:12)
  An unseen horror (D:11)
  3 kobold demonologists
  2 komodo dragons
  3 trolls
  Grinder (D:4)
  A hornet (D:10)
  A slime creature (D:12)
  Sigmund (D:4)
  4 shadows
  3 wyverns
  4 wraiths
  4 yaks (D:10)
  Eustachio (D:5)
  A basilisk (D:12)
  2 steam dragons
  7 vampire mosquitoes
  4 water moccasins
  10 orc warriors
  4 black bears
  Pargi (Sewer)
  2 ice beasts
  4 ogres
  4 centaurs
  A lemure (D:9)
  3 phantoms
  5 kobold brigands
  7 bullfrogs
  A gnoll sergeant (D:11)
  3 scorpions
  10 wights
  A killer bee (D:7)
  3 howler monkeys
  A crimson imp (D:3)
  3 orc priests
  5 hounds
  Crazy Yiuf (D:5)
  A gnoll bouda (D:7)
  2 jellies
  5 iguanas
  3 sleepcaps
  9 orc wizards
  Ijyb (D:5)
  Natasha (thrice) (D:4)
  3 gnolls (D:11)
  9 river rats (D:5)
  9 adders
  A shadow imp (D:6)
  3 white imps
  3 ufetubi
  6 worms
  2 dart slugs (D:3)
  30 orcs
  9 endoplasms
  2 giant cockroaches
  10 hobgoblins
  9 jackals
  10 quokkas
  4 ball pythons
  6 bats
  A frilled lizard (D:2)
  16 goblins
  A goblin skeleton (D:3)
  A hobgoblin zombie (D:3)
  17 kobolds
  3 kobold zombies (D:3)
  2 orc skeletons (D:3)
  An orc zombie (D:3)
  25 rats
336 creatures vanquished.

Vanquished Creatures (collateral kills)
  An endoplasm (D:3)
1 creature vanquished.

Grand Total: 337 creatures vanquished

Notes
Turn   | Place    | Note
-------+----------+-------------------------------------------
     0 | D:1      | Newt the Gargoyle Fighter began the quest for the Orb.
     0 | D:1      | Reached XP level 1. HP: 14/14 MP: 1/1
    58 | D:1      | Reached XP level 2. HP: 12/20 MP: 2/2
  1083 | D:2      | Reached skill level 3 in Maces & Flails
  1083 | D:2      | Reached XP level 3. HP: 21/24 MP: 3/3
  1233 | D:2      | Reached XP level 4. HP: 26/29 MP: 4/4
  1359 | D:2      | Reached skill level 4 in Maces & Flails
  1393 | D:2      | Identified the +4 ring mail "Suseklaa" {rF- Will++ Dex+3}
  1633 | D:2      | Reached XP level 5. HP: 33/33 MP: 5/5
  2020 | D:3      | Found a glowing drain.
  2027 | Sewer    | Entered a sewer
  2076 | Sewer    | Noticed Pargi
  2097 | Sewer    | Killed Pargi
  2098 | Sewer    | Reached skill level 5 in Maces & Flails
  2098 | Sewer    | Reached XP level 6. HP: 16/38 MP: 6/6
  2614 | D:3      | Reached skill level 5 in Armour
  2651 | D:3      | Found an iron altar of Okawaru.
  2674 | D:3      | Became a worshipper of Warmaster Okawaru
  2687 | D:3      | Found a blossoming altar of Fedhas.
  2716 | D:3      | Found a basalt altar of Yredelemnul.
  2802 | D:3      | Found a glowing golden altar of the Shining One.
  2998 | D:4      | Noticed Natasha
  3004 | D:4      | Killed Natasha
  3043 | D:4      | Found a white marble altar of Elyvilon.
  3106 | D:4      | Reached skill level 6 in Maces & Flails
  3130 | D:4      | Reached XP level 7. HP: 16/43 MP: 7/7
  3340 | D:4      | Noticed Grinder
  3358 | D:4      | Killed Grinder
  3359 | D:4      | Reached skill level 7 in Maces & Flails
  3474 | D:4      | Reached * piety under Okawaru
  3502 | D:4      | Found a runed translucent gate.
  3502 | D:4      | Found a runed translucent gate.
  3503 | D:4      | Found a runed translucent gate.
  3504 | D:4      | Noticed Dazliare's ghost (amateur HuSh)
  3504 | D:4      | Noticed lotum's ghost (amateur OgBe)
  3517 | D:4      | Noticed Sigmund
  3541 | D:4      | Killed Sigmund
  3542 | D:4      | Reached skill level 8 in Maces & Flails
  3542 | D:4      | Reached XP level 8. HP: 29/48 MP: 8/8
  3660 | D:4      | Noticed Natasha
  3669 | D:4      | Killed Natasha
  3718 | D:4      | Found a hazy altar of Hepliaklqana.
  3819 | D:4      | Noticed Natasha
  3824 | D:4      | Killed Natasha
  3897 | D:4      | Found a shadowy altar of Dithmenos.
  3976 | D:5      | Entered Level 5 of the Dungeon
  3984 | D:5      | Noticed Ijyb
  3995 | D:5      | Killed Ijyb
  4094 | D:5      | Found a staircase to the Ecumenical Temple.
  4379 | D:5      | Reached skill level 9 in Maces & Flails
  4486 | D:5      | Reached ** piety under Okawaru
  4562 | D:5      | Reached skill level 5 in Fighting
  4858 | D:5      | Noticed Eustachio
  4891 | D:5      | Killed Eustachio
  5182 | D:5      | Found a runed translucent door.
  5183 | D:5      | Noticed Crazy Yiuf
  5190 | D:5      | Killed Crazy Yiuf
  5191 | D:5      | Reached XP level 9. HP: 57/57 MP: 9/9
  5253 | D:6      | Found an opulent altar of Gozag.
  5315 | D:6      | Reached *** piety under Okawaru
  5552 | D:6      | Found a hide-covered altar of Uskayaw.
  5790 | D:6      | Found Hagephiti's Weapon Shop.
  5802 | D:6      | Found a large runed translucent door.
  5802 | D:6      | Found a large runed translucent door.
  5803 | D:6      | Noticed JayJaygamer2134567's ghost (novice FoFi)
  6415 | D:6      | Killed JayJaygamer2134567's ghost
  6416 | D:6      | Reached skill level 1 in Evocations
  6653 | D:7      | Found a shimmering blue altar of Sif Muna.
  6858 | D:7      | Reached **** piety under Okawaru
  7344 | D:7      | Reached XP level 10. HP: 38/64 MP: 10/10
  7479 | D:7      | Reached skill level 5 in Evocations
  7827 | D:7      | Found a sacrificial altar of Ru.
  7831 | D:7      | Found an ancient bone altar of Kikubaaqudgha.
  7928 | D:7      | Noticed a green ugly thing
  7930 | D:7      | Noticed a two-headed ogre
  7947 | D:7      | Killed a green ugly thing
  7960 | D:7      | Killed a two-headed ogre
  7960 | D:7      | Reached ***** piety under Okawaru
  7985 | D:7      | Noticed a kobold demonologist
  8012 | D:7      | Noticed a sun demon
  8015 | D:7      | Noticed a rust devil
  8017 | D:7      | Killed a kobold demonologist
  8620 | D:8      | Found a radiant altar of Vehumet.
  8671 | D:8      | Received a gift from Okawaru
  8680 | D:8      | Identified the scarf of Reason {shadows, Dex+3}
  9156 | D:8      | Found Labbutt's Weapon Boutique.
  9511 | D:8      | Found a stormy altar of Qazlal.
  9544 | D:9      | Found a burning altar of Makhleb.
  9595 | D:9      | Reached XP level 11. HP: 62/68 MP: 11/11
  9612 | D:9      | Found a staircase to the Orcish Mines.
  9910 | D:9      | Reached skill level 10 in Evocations
 10051 | D:9      | Reached skill level 1 in Invocations
 10268 | D:9      | Found a staircase to the Lair.
 10650 | D:9      | Noticed Pikel
 10662 | D:9      | Killed Pikel
 10663 | D:9      | Reached skill level 5 in Invocations
 10720 | D:9      | Found Dijaolai's Fire Supplies.
 10847 | D:10     | Entered Level 10 of the Dungeon
 10847 | D:10     | Noticed a manticore
 10847 | D:10     | Noticed a catoblepas
 10857 | D:10     | Killed a manticore
 10868 | D:10     | Killed a catoblepas
 11023 | D:10     | Noticed a two-headed ogre
 11048 | D:10     | Killed a two-headed ogre
 11048 | D:10     | Reached ****** piety under Okawaru
 11048 | D:10     | Received a gift from Okawaru
 11134 | D:10     | Acquired the +6 demon whip of Reinforcement {venom, Dex+4}
 11134 | D:10     | Received a gift from Okawaru
 11239 | D:10     | Found a sparkling altar of Nemelex Xobeh.
 11326 | D:10     | Noticed a two-headed ogre
 11342 | D:10     | Killed a two-headed ogre
 11504 | D:10     | Noticed a two-headed ogre
 11517 | D:10     | Killed a two-headed ogre
 11517 | D:10     | Received a gift from Okawaru
 11537 | D:10     | Reached XP level 12. HP: 47/73 MP: 18/18
 11692 | D:10     | Reached skill level 10 in Maces & Flails
 12018 | D:11     | Found a portal to a secret trove of treasure.
 12408 | D:11     | Noticed a boulder beetle
 12424 | D:11     | Killed a boulder beetle
 12728 | D:11     | Received a gift from Okawaru
 12729 | D:11     | Reached skill level 11 in Maces & Flails
 12735 | D:11     | Noticed a two-headed ogre
 12746 | D:11     | Killed a two-headed ogre
 13359 | D:12     | HP: 3/73 [fire elemental[a deep elf pyromancer] (15)]
 13365 | D:12     | Noticed a centaur warrior
 13374 | D:12     | Killed a centaur warrior
 13375 | D:12     | Reached skill level 12 in Maces & Flails
 14194 | D:12     | Received a gift from Okawaru
 14385 | D:12     | Reached skill level 10 in Armour
 14390 | D:12     | Mangled by a cyclops

Illustrated notes

Levels and vault maps discovered:
D:1:      elethiomel_arrival_infinity_welcomes_careful_drivers, layout_basic,
          solitary_fountain, serial_bayou_pond_d
D:2:      minmay_chambers_of_twos, layout_loops_cross, grunt_decor_one_mirror,
          minmay_randomly_rotated_circles
D:3:      layout_basic, nicolae_tso_besieged_by_evil,
          mainiacjoe_overflow_catch_the_wave, yredelemnul_altar_generic,
          cheibrodos_sewer_entry_drain, nicolae_concentric_dashed_squares_mild,
          minmay_misc_feat_nine_boxes
D:4:      minmay_inner_zag, layout_rooms, general_overflow_altar,
          kennysheep_mini, elyvilon_altar_5, gammafunk_ghost_cemetery,
          uniq_natasha, uniq_sigmund, uniq_grinder
D:5:      lemuel_ratsnest, layout_gridville,
          minmay_temple_entry_drinking_statues,
          hangedman_abyss_or_decor_stagger, corexii_checkpoint_b,
          minmay_misc_feat_more_columns, uniq_crazy_yiuf_cottage,
          uniq_eustachio, uniq_ijyb
D:6:      layout_basic, nicolae_overflow_crystal_walls, lemuel_crystal_altar,
          serial_shops, nicolae_shop_real_fake_doors,
          ebering_ghost_disaster_area
D:7:      nzn_winding_woodlands_three_and_one [nzn_winding_woodlands_5x15_twine,
          nzn_winding_woodlands_5x15_zeroes,
          nzn_winding_woodlands_5x15_longhouse,
          nzn_winding_woodlands_center_pierced_h], layout_loops_cross,
          mainiacjoe_overflow_small_starburst, jmf_multi_god_temple,
          columned_hall_lemuel, minmay_misc_feat_hallway
D:8:      layout_rooms, nicolae_vehumet_radiance, mainiacjoe_overflow_alcove_2,
          serial_shops, kennysheep_mini_moat
D:9:      layout_roguey, bloody_makhleb, due_lair_maze_entry_diamond,
          david_orc_2, nicolae_shop_fire_sale [nicolae_sub_dead_trees],
          uniq_pikel
D:10:     nzn_motion_control, layout_basic, lemuel_coloured_pillars_altar
D:11:     layout_loops_ring, nicolae_trove_entry_crossroad,
          kennysheep_generic_room_10
D:12:     layout_rooms, kennysheep_generic_room_13

Skill      XL: |  1  2  3  4  5  6  7  8  9 10 11 12 |
---------------+-------------------------------------+-----
Fighting       | 4 7 8 |  8.0
Maces & Flails | 3 4 5 6 8 9 12 | 12.0
Armour         | 4 5 8 10 | 10.1
Evocations     | 4 9 10 | 10.0
Invocations    | 9 |  9.0
Shields        | |  3.2

Action                     |  1- 3 |  4- 6 |  7- 9 | 10-12 || total
---------------------------+-------+-------+-------+-------++-------
  Melee: Flail             |    88 |   252 |   452 |   471 ||  1263
         Demon whip        |       |       |       |   289 ||   289
  Throw: Throwing net      |       |       |       |     1 ||     1
 Invoke: Heroism           |       |       |       |     4 ||     4
         Receive Weapon    |       |       |       |     1 ||     1
  Evoke: Wand              |       |       |       |     1 ||     1
    Use: Scroll            |     2 |    11 |     7 |     6 ||    26
         Potion            |       |     2 |     2 |     8 ||    12
   Stab: Held in net/web   |       |       |       |     1 ||     1
 Armour: Scale mail        |    81 |    46 |       |       ||   127
         Ring mail         |       |   157 |   313 |   631 ||  1101
  Dodge: Dodged            |    54 |   154 |   200 |   352 ||   760
  Block: Buckler           |    19 |    79 |   127 |   212 ||   437

Table legend: (Time is in decaauts)
 A = Elapsed time spent in this place.
 B = Non-inter-level travel time spent in this place.
 C = Inter-level travel time spent in this place.
 D = Time resting spent in this place.
 E = Time spent auto-exploring this place.
 F = Levels seen in this place.
 G = Mean time per level.
                   A        B        C        D        E       F      G
               +--------+--------+--------+--------+--------+-----+--------+
         Total |  14315 |  13941 |    374 |   2578 |   8913 |  13 | 1101.2 |
       Dungeon |  13996 |  13622 |    374 |   2394 |   8830 |  12 | 1166.3 |
         Sewer |    318 |    318 |      0 |    184 |     82 |   1 |  318.0 |
               +--------+--------+--------+--------+--------+-----+--------+

Top non-repeatable levels by time:
     D:7: 1928 daAuts
    D:11: 1413 daAuts
     D:6: 1362 daAuts
     D:5: 1282 daAuts
     D:8: 1185 daAuts
    D:10: 1081 daAuts
     D:9: 1078 daAuts
     D:1: 1016 daAuts
     D:4: 991 daAuts
     D:2: 979 daAuts
    D:12: 916 daAuts
     D:3: 762 daAuts
   Sewer: 318 daAuts
